 Dungeon Crawl Stone Soup version 0.30.1-1-g62c8e00024 (webtiles) character file.

Game seed: 16566811335376728222

137 Gorgoleon the Shooter (level 5, 0/26 HPs)
             Began as a Spriggan Hunter on July 18, 2023.
             Succumbed to a kobold brigand's curare-tipped dart
             ... in a sewer.
             The game lasted 00:07:16 (1956 turns).

Gorgoleon the Shooter (Spriggan Hunter)             Turns: 1956, Time: 00:07:16

Health: 0/26       AC:  2    Str:  7    XL:     5   Next: 0%
Magic:  6/7        EV: 18    Int: 10    God:
Gold:   119        SH:  0    Dex: 21    Spells: 2/5 levels left

rFire   . . .        a - +0 shortbow
rCold   . . .        (shield currently unavailable)
rNeg    . . .        c - +0 robe
rPois   .            (helmet restricted)
rElec   .            (no cloak)
rCorr   .            (gloves unavailable)
SInv    +            (boots unavailable)
Will    .....        (no amulet)
Stlth   ++           (no ring)
HPRegen 0.24/turn    (no ring)
MPRegen 0.10/turn

%: no passive effects
@: mighty, lethally poisoned (0 -> -1), on berserk cooldown, slowed, quick
A: very small, no large weapons, unfitting armour, see invisible, speed 3,
screaming 1, inability to drink after injury 1
a: no special abilities


You were in a sewer.
You visited 1 branch of the dungeon, and saw 3 of its levels.
You also visited: Sewer.

You collected 119 gold pieces.

Inventory:

Hand Weapons
 a - a +0 shortbow (weapon)
Armour
 c - a +0 robe (worn)
Wands
 k - a wand of flame (6)
Scrolls
 b - a scroll of immolation
 d - a scroll of teleportation {unknown}
 f - a scroll of summoning {unknown}
 g - a scroll of fog {unknown}
 h - 2 scrolls of blinking {unknown}
 i - a scroll of magic mapping {unknown}
 j - a scroll of poison {unknown}
 m - 2 scrolls of identify {unknown}


   Skills:
 - Level 2.0 Fighting
 + Level 5.6 Ranged Weapons
 - Level 3.0 Dodging
 - Level 2.0 Stealth
 * Level 0.7 Spellcasting
 * Level 0.4 Hexes
 * Level 1.1 Translocations
 * Level 1.5 Evocations


You had 2 spell levels left.
You knew the following spells:

 Your Spells              Type           Power      Damage    Failure   Level
a - Portal Projectile     Hex/Tloc       2%         N/A       61%         3

Your spell library contained the following spells:

 Spells                   Type           Power      Damage    Failure   Level
 Call Canine Familiar     Summ           0%         N/A       71%         3
 Leda's Liquefaction      Hex/Erth       0%         N/A       97%         4


Dungeon Overview and Level Annotations

Branches:
Dungeon (3/15)              Sewer (1/1)

Altars:


Innate Abilities, Weirdness & Mutations

You are very small and have problems with some larger weapons.
You are too small for most types of armour.
You have supernaturally acute eyesight. (SInv)
You cover ground extremely quickly. (Speed+++)
You occasionally shout uncontrollably at your foes.
You occasionally lose the ability to drink potions when taking damage.


Message History

You have reached level 5!
You feel agile.
You shoot an arrow. The arrow hits the kobold brigand.
The kobold brigand is lightly wounded.
The kobold brigand throws a curare-tipped dart.
The curare-tipped dart closely misses you.
The kobold brigand throws a curare-tipped dart.
The curare-tipped dart hits you.
You are poisoned.
You have difficulty breathing.
You feel yourself slow down.
The kobold throws a stone.
The stone hits you.
You feel very sick.
It was a potion of berserk rage.
A red film seems to cover your vision as you go berserk!
You feel yourself moving faster!
You feel mighty!
You feel very sick.
You feel a strong urge to attack something.
You feel sick.
You feel sick.
You feel your anger nearly subside.
You feel sick.
You are too berserk!
You are no longer berserk.
You are exhausted.
You feel as though you will be slow longer.
* * * LOW HITPOINT WARNING * * *
You feel sick.
It was a potion of might.
You feel very mighty all of a sudden.
* * * LOW HITPOINT WARNING * * *
You feel sick.
It was a potion of mutation.
You feel extremely strange.
You feel the urge to shout.
You occasionally lose the ability to drink potions when taking damage.
* * * LOW HITPOINT WARNING * * *
You feel sick.
Unknown command.
* * * LOW HITPOINT WARNING * * *
You feel sick.
You die...

#≈≈≈≈≈≈#...~≈≈≈≈≈≈#≈≈≈#
#≈≈≈≈≈~#...#≈≈≈≈≈≈#≈≈≈#
#≈≈≈≈≈≈~...≈~≈≈≈≈≈#≈≈≈#
#≈≈≈≈≈~#...≈≈≈≈≈≈≈#≈≈≈#
#≈≈≈≈≈≈#...#≈≈≈≈≈≈#
#≈≈≈≈≈≈~...#≈≈≈≈≈≈#
#≈≈≈≈≈≈#...#≈≈≈≈≈≈#
#≈≈≈≈≈≈#)..≈≈≈≈≈≈≈#~≈≈#
#≈≈≈≈~~#..@#≈~≈≈≈≈#≈≈~#
#≈≈~≈~...≈...≈≈K≈≈#≈≈≈#
#.~~~..#≈≈≈#..≈5~.#≈≈≈#
#......#≈≈≈#..K...#~.≈#
#'#######~#######'#~≈~#
...#.5K...#~~≈#
...).~.K≈~~~≈~~#
≈#...#≈≈≈≈≈≈#≈~≈# ####
############


You could see a kobold brigand, a shadow imp and a kobold.

Vanquished Creatures
  An adder (D:2)
  2 shadow imps (Sewer)
  2 ufetubi (Sewer)
  3 worms
  2 dart slugs (D:1)
  An orc (D:3)
  A bat zombie (Sewer)
  7 endoplasms
  5 giant cockroaches
  8 goblins
  7 hobgoblins
  4 jackals (D:1)
  14 kobolds
  4 quokkas
  8 ball pythons
  2 bats
  3 frilled lizards
  5 rats
79 creatures vanquished.

Notes
Turn   | Place    | Note
-------+----------+-------------------------------------------
     0 | D:1      | Gorgoleon the Spriggan Hunter began the quest for the Orb.
     0 | D:1      | Reached XP level 1. HP: 10/10 MP: 2/2
   112 | D:1      | Reached XP level 2. HP: 15/15 MP: 3/3
   413 | D:1      | Reached XP level 3. HP: 18/18 MP: 4/4
   896 | D:2      | Identified the +1 dagger "Arbiter" {pain, *Rage Str+3
                  | Int+4}
  1042 | D:2      | Reached skill level 5 in Ranged Weapons
  1093 | D:2      | Reached XP level 4. HP: 23/23 MP: 5/5
  1300 | D:2      | Learned a level 3 spell: Portal Projectile
  1592 | D:3      | Reached skill level 1 in Evocations
  1692 | D:3      | Found a glowing drain.
  1734 | Sewer    | Entered a sewer
  1847 | Sewer    | Reached skill level 1 in Translocations
  1940 | Sewer    | Noticed a kobold brigand
  1946 | Sewer    | Reached XP level 5. HP: 26/26 MP: 5/7
  1954 | Sewer    | Gained mutation: You occasionally shout uncontrollably at
                  | your foes. [potion of mutation]
  1954 | Sewer    | Gained mutation: You occasionally lose the ability to drink
                  | potions when taking damage. [potion of mutation]
  1955 | Sewer    | HP: 1/26 [poisoned by a kobold brigand (curare-tipped
                  | dart)]
  1956 | Sewer    | Succumbed to a kobold brigand's curare-tipped dart

Illustrated notes

Levels and vault maps discovered:
D:1:      saegor_arrival_simple_c, layout_loops_ring
D:2:      layout_rooms, minmay_bisected
D:3:      layout_loops_ring, serial_glass, glass_columns_a, glass_columns_b,
          glass_columns_a, glass_columns_b, glass_columns_a, glass_columns_a,
          glass_columns_a, glass_columns_a, glass_columns_a, glass_columns_c,
          cheibrodos_sewer_entry_drain
Sewer:    kennysheep_sewer_church

Skill      XL: |  1  2  3  4 |
---------------+-------------+-----
Stealth        | 2 |  2.0
Dodging        | 3 |  3.0
Fighting       | 2 |  2.0
Ranged Weapons | 5 |  5.6
Evocations     | 1 |  1.5
Translocations | 1 |  1.1
Spellcasting   | |  0.7
Hexes          | |  0.4

Action                     |  1- 3 |  4- 6 || total
---------------------------+-------+-------++-------
   Fire: Shortbow          |   121 |    90 ||   211
    Use: Potion            |       |     3 ||     3
 Armour: Robe              |     2 |     6 ||     8
  Dodge: Dodged            |    34 |    47 ||    81
